[Event "Titled Tuesday Blitz April 25 Early 2023"]
[White "Martinez Alcantara, Jose Eduardo"]
[Black "Harsha Bharathakoti"]
[WhiteFideId "3805662"]
[BlackFideId "5078776"]
[WhiteElo "2711"]
[BlackElo "2504"]
[Result "0-1"]
[Round "09"]
[TimeControl "180+2"]
[Date "2023.04.25"]
[WhiteClock "0:00:13"]
[BlackClock "0:00:07"]

1. e4 c5 2. Nf3 d6 3. c3 Nf6 4. h3 Nc6 5. Bd3 d5 6. e5 Nd7 7. Bb5 Qb6 8. Bxc6 bxc6 9. d3 e6 10. O-O h6 11. Re1 g5 12. c4 Rg8 13. Nc3 Be7 14. Nh2 Qc7 15. Qe2 Rh8 16. f4 gxf4 17. Bxf4 Bb7 18. Ng4 h5 19. Nh2 O-O-O 20. Kh1 Rdg8 21. Nf3 Rg6 22. Rf1 Rhg8 23. Rf2 Kb8 24. a3 Ka8 25. Bh2 Qd8 26. Rb1 f5 27. exf6 Bxf6 28. Re1 e5 29. Qc2 Re8 30. b4 e4 31. dxe4 Bxc3 32. Qxc3 dxe4 33. Rfe2 cxb4 34. axb4 c5 35. bxc5 Rxg2 36. Rxg2 exf3 37. Rf2 Rxe1+ 38. Qxe1 Nxc5 39. Qe3 Ne4 40. Bg1 Nxf2+ 41. Bxf2 Qd1+ 42. Kh2 Qd6+ 43. Bg3 Qc6 44. Bf2 Qc7+ 45. Kg1 Bc6 46. Qc5 Qg7+ 47. Kf1 Qd7 48. Kg1 Kb8 49. Kh2 Kc8 50. Bg3 Kb7 51. Qb4+ Ka8 52. Qf8+ Kb7 53. Qb4+ Ka6 54. Qa3+ Kb7 55. Bf2 a6 56. Qb4+ Kc8 57. Bg3 Qe6 58. Qb8+ Kd7 59. Qc7+ Ke8 60. Qb8+ Kf7 61. Qf4+ Kg8 62. Qg5+ Kf7 63. Qxh5+ Kf8 64. Qc5+ Kg8 65. Qg5+ Kf8 66. Qf4+ Kg7 67. Bf2 Kh7 68. h4 a5 69. h5 a4 70. Qg5 a3 71. Bd4 Qe2+ 72. Kh3 Bd7+ 73. Kg3 Qg2+ 74. Kf4 Qxg5+ 75. Kxg5 a2 76. Kf4 f2 77. Bxf2 a1=Q 78. Bd4 Qc1+ 79. Ke5 Qxc4 80. Kd6 Qxd4+ 81. Ke7 Bf5 82. Kf7 Qd7+ 83. Kf6 Qe6+ 84. Kg5 Bg4 85. h6 Qf5+ 86. Kh4 Kxh6 87. Kg3 Qf3+ 88. Kh4 Qh3# 0-1


[Site "https://www.chess.com"]

[Event "Titled Tuesday Blitz April 25 Early 2023"]
[White "Le, Tuan Minh"]
[Black "Rozen, Eytan"]
[WhiteFideId "12401153"]
[BlackFideId "2816750"]
[WhiteElo "2566"]
[BlackElo "2451"]
[Result "1-0"]
[Round "09"]
[TimeControl "180+2"]
[Date "2023.04.25"]
[WhiteClock "0:01:30"]
[BlackClock "0:00:03"]

1. d4 Nf6 2. Nf3 e6 3. Bf4 b6 4. e3 Bb7 5. c4 Bb4+ 6. Nfd2 O-O 7. a3 Be7 8. Nc3 c5 9. dxc5 bxc5 10. Bd3 d5 11. O-O Nbd7 12. Rc1 e5 13. Bg3 d4 14. exd4 cxd4 15. Na4 e4 16. Bb1 e3 17. Nf3 Nc5 18. Nxc5 Bxc5 19. b4 Bxf3 20. Qxf3 d3 21. fxe3 Bd6 22. Bh4 Re8 23. Rcd1 Qc7 24. Bxf6 gxf6 25. Qh3 f5 26. Bxd3 Qe7 27. Bxf5 Be5 28. Qxh7+ Kf8 29. Rd7 Qf6 30. Bd3 1-0


[Site "https://www.chess.com"]

[Event "Titled Tuesday Blitz April 25 Early 2023"]
[White "Lazavik, Denis"]
[Black "Atakishiyev, Elmar"]
[WhiteFideId "13515110"]
[BlackFideId "13410547"]
[WhiteElo "2560"]
[BlackElo "2239"]
[Result "1-0"]
[Round "09"]
[TimeControl "180+2"]
[Date "2023.04.25"]
[WhiteClock "0:00:31"]
[BlackClock "0:00:03"]

1. d4 Nf6 2. c4 g6 3. Nc3 Bg7 4. e4 d6 5. h3 O-O 6. Be3 e5 7. d5 a5 8. g4 Na6 9. Nge2 Nc5 10. Ng3 Bd7 11. Qd2 a4 12. f3 c6 13. Be2 Qa5 14. g5 Ne8 15. h4 f5 16. gxf6 Nxf6 17. h5 cxd5 18. cxd5 Rfc8 19. hxg6 hxg6 20. Nd1 Bb5 21. Qxa5 Rxa5 22. Rc1 Bxe2 23. Kxe2 b6 24. Nf2 Rb5 25. Rc2 Rf8 26. Nh3 Nh7 27. Nf1 Bf6 28. Nd2 Be7 29. Nc4 Ra8 30. Nf2 Rd8 31. Rg1 Kg7 32. Nd1 Nf6 33. Nc3 Rb4 34. Nb1 Nh5 35. Bd2 Nf4+ 36. Kd1 Rxc4 37. Rxc4 Rh8 38. Rc2 Rh3 39. Rf1 g5 40. Nc3 Kg6 41. Be3 Nfd3 42. Rg2 Bf6 43. a3 Nf4 44. Rd2 Be7 45. Bxc5 bxc5 46. Nxa4 Rh8 47. Nb6 Rb8 48. Nc4 g4 49. Rg1 g3 50. Rxg3+ Kf7 51. Rh2 Rb3 52. Rh7+ Ke8 53. Rg8+ Kd7 54. Rgg7 Rxf3 55. Rxe7+ 1-0


[Site "https://www.chess.com"]

[Event "Titled Tuesday Blitz April 25 Early 2023"]
[White "Salinas Herrera, Pablo"]
[Black "Paravyan, David"]
[WhiteFideId "3407128"]
[BlackFideId "4194985"]
[WhiteElo "2546"]
[BlackElo "2563"]
[Result "1-0"]
[Round "09"]
[TimeControl "180+2"]
[Date "2023.04.25"]
[WhiteClock "0:00:05"]
[BlackClock "0:00:02"]

1. e4 e5 2. Nf3 Nf6 3. Nxe5 d6 4. Nf3 Nxe4 5. d3 Nf6 6. d4 Nc6 7. Bd3 Nb4 8. Be2 Bf5 9. Na3 Be7 10. O-O O-O 11. Nh4 Be6 12. c3 Nc6 13. Bd3 g6 14. h3 Re8 15. Nf3 Bd5 16. Nc2 Bf8 17. Ne3 Be4 18. Be2 Ne7 19. Re1 Nf5 20. Ng4 Bg7 21. Bg5 h5 22. Ngh2 Qd7 23. Qd2 Bd5 24. Qc2 Ne4 25. Bf4 b5 26. a4 bxa4 27. Rxa4 c5 28. Ra5 Rab8 29. dxc5 Nxc5 30. b4 Be4 31. Qa2 Bxc3 32. bxc5 Bxf3 33. Nxf3 Bxe1 34. Nxe1 Nd4 35. Bc4 Rxe1+ 36. Kh2 Rbb1 37. Rxa7 Nf5 38. Qxb1 Qxa7 39. Qxe1 Qa4 40. Qe4 Kh7 41. cxd6 Qd7 42. Qd5 Kg8 43. Bb5 Qd8 44. d7 Ng7 45. Bg5 Qc7+ 46. f4 Ne6 47. Qxe6 1-0


[Site "https://www.chess.com"]

[Event "Titled Tuesday Blitz April 25 Early 2023"]
[White "Szpar, Milosz"]
[Black "Nguyen, Ngoc Truong Son"]
[WhiteFideId "1184989"]
[BlackFideId "12401110"]
[WhiteElo "2436"]
[BlackElo "2556"]
[Result "1/2-1/2"]
[Round "09"]
[TimeControl "180+2"]
[Date "2023.04.25"]
[WhiteClock "0:00:16"]
[BlackClock "0:00:51"]

1. e4 e5 2. Nf3 Nf6 3. d4 Nxe4 4. Bd3 d5 5. Nxe5 Nd7 6. Nxd7 Bxd7 7. O-O Bd6 8. Nc3 Nxc3 9. bxc3 O-O 10. Qh5 f5 11. Bg5 Qe8 12. Qf3 c6 13. Rfe1 Qb8 14. h4 h6 15. Be7 Bxe7 16. Rxe7 Qd6 17. Rae1 Rae8 18. Rxe8 Bxe8 19. Re5 Bd7 20. h5 Qa3 21. Bxf5 Bxf5 22. Rxf5 Rxf5 23. Qxf5 Qxa2 24. Qc8+ Kh7 25. Qxb7 Qa1+ 26. Kh2 Qxc3 27. Qxa7 Qxc2 28. Qf7 Qe4 29. g3 Qxd4 30. Qg6+ Kh8 31. Qe8+ Kh7 32. Qg6+ Kh8 33. Qe8+ Kh7 34. Qg6+ 1/2-1/2


[Site "https://www.chess.com"]

[Event "Titled Tuesday Blitz April 25 Early 2023"]
[White "Shimanov, Aleksandr"]
[Black "Shuvalova, Polina"]
[WhiteFideId "4198603"]
[BlackFideId "24171760"]
[WhiteElo "2631"]
[BlackElo "2281"]
[Result "1-0"]
[Round "09"]
[TimeControl "180+2"]
[Date "2023.04.25"]
[WhiteClock "0:00:15"]
[BlackClock "0:00:02"]

1. d4 Nf6 2. Nf3 d5 3. c3 c6 4. Qc2 g6 5. Bf4 Bf5 6. Qb3 Qb6 7. e3 Nbd7 8. h3 Bg7 9. Be2 O-O 10. O-O a5 11. c4 dxc4 12. Bxc4 a4 13. Qxb6 Nxb6 14. Be2 Nfd5 15. Be5 Rfc8 16. Bxg7 Kxg7 17. Nbd2 Nf6 18. a3 c5 19. Rac1 Nbd7 20. Rfd1 Rc7 21. Bb5 Rac8 22. Bxa4 Nb6 23. Bb5 c4 24. a4 c3 25. bxc3 Rxc3 26. Rxc3 Rxc3 27. Ra1 Bd3 28. Bxd3 Rxd3 29. a5 Nc8 30. Nc4 Rc3 31. Nfe5 Ne4 32. Rb1 Ncd6 33. Nxd6 exd6 34. Nf3 Rc2 35. Rxb7 Rxf2 36. Re7 d5 37. Rxe4 Ra2 38. Re5 Rxa5 39. Kh2 h5 40. e4 1-0


[Site "https://www.chess.com"]

[Event "Titled Tuesday Blitz April 25 Early 2023"]
[White "Bortnyk, Olexandr"]
[Black "Javakhadze, Zurab"]
[WhiteFideId "14120828"]
[BlackFideId "13603647"]
[WhiteElo "2734"]
[BlackElo "2381"]
[Result "1-0"]
[Round "09"]
[TimeControl "180+2"]
[Date "2023.04.25"]
[WhiteClock "0:00:52"]
[BlackClock "0:00:02"]

1. d4 d5 2. Nc3 Nf6 3. Bf4 e6 4. Nb5 Na6 5. e3 Be7 6. Nf3 O-O 7. h4 c5 8. c3 Bd7 9. a4 Ne4 10. Bd3 f5 11. h5 Qb6 12. Ne5 Be8 13. f3 Nd6 14. h6 g6 15. a5 Qd8 16. Nxd6 Bxd6 17. Bxa6 bxa6 18. dxc5 Bxc5 19. b4 Be7 20. O-O Rc8 21. Qd4 Bf6 22. Qxa7 Bb5 23. Rfd1 Rxc3 24. Rac1 Qc8 25. Rxc3 Qxc3 26. Nd7 Bxd7 27. Qxd7 Qc8 28. Qd6 g5 29. Bg3 Kf7 30. b5 axb5 31. a6 Qa8 32. Rc1 Kg6 33. Rc7 Rc8 34. a7 Rxc7 35. Qxc7 b4 36. Qb8 Qc6 37. a8=Q Qc1+ 38. Kh2 Qxe3 39. Qg8+ Kh5 40. Qae8+ 1-0


[Site "https://www.chess.com"]

[Event "Titled Tuesday Blitz April 25 Early 2023"]
[White "Pranesh M"]
[Black "Sviridov, Valery"]
[WhiteFideId "35028600"]
[BlackFideId "4120680"]
[WhiteElo "2437"]
[BlackElo "2457"]
[Result "1-0"]
[Round "09"]
[TimeControl "180+2"]
[Date "2023.04.25"]
[WhiteClock "0:01:58"]
[BlackClock "0:01:05"]

1. e4 Nf6 2. e5 Nd5 3. Nf3 d6 4. d4 dxe5 5. Nxe5 c6 6. Nc3 Nxc3 7. bxc3 g6 8. Bc4 e6 9. Qf3 f6 10. Ng4 Bg7 11. Bh6 Bxh6 12. Nxh6 f5 13. h4 Qe7 14. O-O-O Kf8 15. g4 Kg7 16. Qf4 Rd8 17. Rde1 Qd6 18. Qg5 Qf8 19. gxf5 Qf6 20. Bxe6 Qxg5+ 21. hxg5 Bxe6 22. Rxe6 1-0


[Site "https://www.chess.com"]

[Event "Titled Tuesday Blitz April 25 Early 2023"]
[White "Eljanov, Pavel"]
[Black "Wieczorek, Oskar"]
[WhiteFideId "14102951"]
[BlackFideId "1133950"]
[WhiteElo "2598"]
[BlackElo "2418"]
[Result "1-0"]
[Round "09"]
[TimeControl "180+2"]
[Date "2023.04.25"]
[WhiteClock "0:01:41"]
[BlackClock "0:00:41"]

1. c4 Nf6 2. g3 g6 3. Bg2 Bg7 4. Nc3 O-O 5. d4 d6 6. Nf3 Nc6 7. O-O Bg4 8. h3 Bxf3 9. Bxf3 Nd7 10. e3 e5 11. d5 Ne7 12. Bg2 f5 13. e4 f4 14. h4 Kh8 15. Bh3 Ng8 16. b4 Bh6 17. c5 fxg3 18. fxg3 Rxf1+ 19. Qxf1 Bxc1 20. Rxc1 dxc5 21. Qf7 Ndf6 22. bxc5 Qf8 23. Qxc7 Rc8 1-0


[Site "https://www.chess.com"]

[Event "Titled Tuesday Blitz April 25 Early 2023"]
[White "Esipenko, Andrey"]
[Black "Hua, Lefong"]
[WhiteFideId "24175439"]
[BlackFideId "2602253"]
[WhiteElo "2615"]
[BlackElo "2684"]
[Result "1-0"]
[Round "09"]
[TimeControl "180+2"]
[Date "2023.04.25"]
[WhiteClock "0:01:56"]
[BlackClock "0:00:26"]

1. c4 Nf6 2. Nc3 g6 3. e4 d6 4. d4 Bg7 5. Bg5 O-O 6. Be2 c5 7. d5 h6 8. Bh4 e6 9. Nf3 exd5 10. cxd5 Bg4 11. Nd2 Bxe2 12. Qxe2 a6 13. a4 Nbd7 14. O-O Re8 15. Rae1 Qc7 16. Kh1 Rac8 17. Nc4 Nb6 18. Nxb6 Qxb6 19. f4 Nxe4 20. Nxe4 f5 21. Qd3 c4 22. Qg3 fxe4 23. Qxg6 Qxb2 24. f5 Kh8 25. f6 Bf8 26. f7 1-0


[Site "https://www.chess.com"]

[Event "Titled Tuesday Blitz April 25 Early 2023"]
[White "Durarbayli, Vasif"]
[Black "Ezat, Mohamed"]
[WhiteFideId "13402935"]
[BlackFideId "10600906"]
[WhiteElo "2551"]
[BlackElo "2386"]
[Result "1-0"]
[Round "09"]
[TimeControl "180+2"]
[Date "2023.04.25"]
[WhiteClock "0:00:20"]
[BlackClock "0:00:21"]

1. e4 c6 2. d4 d5 3. exd5 cxd5 4. c4 Nf6 5. Nc3 g6 6. Qb3 Bg7 7. cxd5 O-O 8. Be2 Na6 9. Bf3 Qb6 10. Nge2 Qxb3 11. axb3 Nb4 12. Ra5 Rd8 13. Be3 a6 14. Kd2 h5 15. h3 Bg4 16. hxg4 hxg4 17. Be4 Nxe4+ 18. Nxe4 Nxd5 19. N4c3 Nb4 20. Rd1 Nc6 21. Rd5 e6 22. Rxd8+ Rxd8 23. Kc1 Nb4 24. Kb1 b5 25. Nf4 e5 26. dxe5 Rxd1+ 27. Nxd1 Bxe5 28. Nc3 Kg7 29. Ncd5 Nc6 30. Nd3 Bd6 31. b4 f5 32. g3 Kf7 33. Bc5 Bb8 34. Kc2 Ke6 35. N5f4+ Kf7 36. Kc3 g5 37. Ne2 Ne5 38. Nxe5+ Bxe5+ 39. Bd4 Bd6 40. Be3 Kg6 41. b3 Be5+ 42. Bd4 Bd6 43. Bc5 Be5+ 44. Kd3 Kf7 45. Be3 Kg6 46. Bd4 Bd6 47. Bc3 Bb8 48. Ke3 Bd6 49. Kd4 Bb8 50. Kd5 f4 51. Be5 f3 52. Nc3 Ba7 53. Ne4 Kf5 54. Bd4 Bb8 55. Be3 Be5 56. Nd6+ Kf6 57. Bd4 Bxd4 58. Kxd4 Ke6 59. Ne4 Kf5 60. Nc5 1-0


[Site "https://www.chess.com"]

[Event "Titled Tuesday Blitz April 25 Early 2023"]
[White "KRUMMEL2008"]
[Black "Grigoriants, Sergey"]
[BlackFideId "4130804"]
[WhiteElo "2662"]
[BlackElo "2502"]
[Result "0-1"]
[Round "09"]
[TimeControl "180+2"]
[Date "2023.04.25"]
[WhiteClock "0:00:04"]
[BlackClock "0:00:11"]

1. e4 c5 2. Nf3 Nc6 3. Bb5 e6 4. O-O Nge7 5. Re1 a6 6. Bf1 b6 7. c3 d5 8. exd5 Nxd5 9. d4 cxd4 10. Nxd4 Bb7 11. Nxc6 Bxc6 12. Nd2 Be7 13. Nf3 O-O 14. Bd3 Qc7 15. Qe2 Bb7 16. Qe5 Rad8 17. Qxc7 Nxc7 18. Be4 Bxe4 19. Rxe4 Rd1+ 20. Re1 Rfd8 21. Be3 Rxa1 22. Rxa1 Nd5 23. Bd4 b5 24. a4 b4 25. c4 Nf4 26. Kf1 f6 27. g3 Nd3 28. b3 e5 29. Be3 Bc5 30. Rd1 Bxe3 31. fxe3 Rd7 32. Ne1 Nc5 33. Rxd7 Nxd7 34. Nd3 a5 35. e4 Kf7 36. Ke2 Ke6 37. Ke3 Kd6 38. h4 h5 39. Kf3 g6 40. Ke3 Nb8 41. Nb2 Nc6 42. Kd3 Nd4 43. Nd1 Nxb3 44. Ne3 Nc5+ 45. Kc2 Nxe4 46. Nd5 f5 0-1


[Site "https://www.chess.com"]

[Event "Titled Tuesday Blitz April 25 Early 2023"]
[White "Gukesh D"]
[Black "Azarov, Sergei"]
[WhiteFideId "46616543"]
[BlackFideId "13501470"]
[WhiteElo "2612"]
[BlackElo "2475"]
[Result "1-0"]
[Round "09"]
[TimeControl "180+2"]
[Date "2023.04.25"]
[WhiteClock "0:00:27"]
[BlackClock "0:00:12"]

1. d4 Nf6 2. c4 e6 3. Nc3 Bb4 4. a3 Bxc3+ 5. bxc3 c5 6. e3 Nc6 7. Bd3 d6 8. Ne2 e5 9. O-O O-O 10. d5 Ne7 11. e4 Ne8 12. f4 f5 13. Ng3 Nf6 14. fxe5 dxe5 15. exf5 e4 16. Be2 Bd7 17. Bg5 Qa5 18. d6 Nc6 19. Bxf6 gxf6 20. Nxe4 Rae8 21. Rf4 Kh8 22. Bd3 Ne5 23. Qh5 Rf7 24. Rh4 Qd8 25. Re1 Rg8 26. Ng3 Be8 27. Rxe5 fxe5 28. f6 Qd7 29. Qxe5 Rgf8 30. Rxh7+ Rxh7 31. f7+ Rg7 32. Qh5+ 1-0


[Site "https://www.chess.com"]

[Event "Titled Tuesday Blitz April 25 Early 2023"]
[White "Zhigalko, Sergei"]
[Black "Kushko, Dmitriy"]
[WhiteFideId "13502956"]
[BlackFideId "14162261"]
[WhiteElo "2626"]
[BlackElo "2230"]
[Result "0-1"]
[Round "09"]
[TimeControl "180+2"]
[Date "2023.04.25"]
[WhiteClock "0:00:15"]
[BlackClock "0:00:17"]

1. e4 g6 2. d4 Bg7 3. Nc3 d6 4. Nf3 a6 5. Be3 b5 6. a4 b4 7. Ne2 Bb7 8. Ng3 Nf6 9. Bd3 Nbd7 10. a5 c5 11. c3 O-O 12. O-O bxc3 13. bxc3 Ng4 14. Bd2 cxd4 15. cxd4 e5 16. h3 Ngf6 17. Bb4 Qe7 18. Re1 Rfd8 19. Rb1 Rab8 20. Qd2 exd4 21. e5 Ne8 22. exd6 Qf6 23. Be4 Bc8 24. Bd5 Nxd6 25. Ng5 Bh6 26. f4 Rf8 27. Kh2 Rb5 28. Bc6 Rxg5 29. fxg5 Bxg5 30. Qd3 Bf4 31. Bxd7 Bxd7 32. Rf1 Qe5 33. Rbe1 Qg5 34. Rxf4 Qxf4 35. Kh1 Bb5 36. Qf3 Qxf3 37. gxf3 Rd8 38. Rd1 Nc4 39. Ne4 d3 40. Bc3 Ba4 41. Ra1 Bb3 42. Nf6+ Kf8 43. Nxh7+ Kg8 44. Nf6+ Kf8 45. Nh7+ Ke8 46. Re1+ Kd7 47. Rb1 Bc2 48. Rb7+ Kc6 49. Rxf7 d2 50. Bxd2 Rxd2 51. Ng5 Ne3 52. Rf6+ Kb5 53. Ne4 Bxe4 54. fxe4 Kxa5 55. Rxg6 Nc4 56. h4 Rd4 57. Re6 Rd6 58. Rxd6 Nxd6 59. e5 Nf5 60. h5 Kb5 61. e6 Kc6 62. Kg2 Kd6 63. Kf3 Kxe6 64. Ke2 Kd5 65. Kd3 Kc5 66. Kc3 Nh6 67. Kb3 a5 68. Ka4 Kb6 69. Ka3 Kb5 70. Kb3 a4+ 71. Ka3 Nf5 72. Ka2 Kb4 73. Kb2 Nh6 74. Ka2 Kc4 75. Kb2 Kb5 76. Ka3 Ka5 77. Ka2 Kb4 78. Kb2 a3+ 79. Ka2 Ka4 80. Ka1 Kb3 81. Kb1 Nf5 82. Ka1 Nd4 83. h6 Nc2+ 84. Kb1 a2+ 85. Kc1 a1=Q+ 86. Kd2 Qh8 0-1


[Site "https://www.chess.com"]

[Event "Titled Tuesday Blitz April 25 Early 2023"]
[White "Shomoev, Anton"]
[Black "Corrales Jimenez, Fidel"]
[WhiteFideId "4135148"]
[BlackFideId "3506690"]
[WhiteElo "2451"]
[BlackElo "2541"]
[Result "1-0"]
[Round "09"]
[TimeControl "180+2"]
[Date "2023.04.25"]
[WhiteClock "0:01:14"]
[BlackClock "0:00:03"]

1. d4 Nf6 2. c4 g6 3. Nc3 d5 4. Nf3 Bg7 5. h4 c6 6. cxd5 cxd5 7. Bf4 Nc6 8. e3 a6 9. Rc1 Bd7 10. Bd3 O-O 11. Ne5 Bf5 12. Bxf5 gxf5 13. Nxc6 bxc6 14. h5 h6 15. Na4 Rc8 16. f3 Kh7 17. Kf2 Rg8 18. Qd3 e6 19. g4 Kh8 20. gxf5 Qa5 21. b3 exf5 22. Rc5 Qb4 23. Rc2 Nd7 24. Qxf5 Nb6 25. Nc5 Rce8 26. Rg1 Bxd4 27. Rxg8+ Rxg8 28. Nd3 Bxe3+ 29. Kxe3 d4+ 30. Kf2 Qb5 31. Be5+ Rg7 32. Bxg7+ Kxg7 33. Qxb5 cxb5 1-0


[Site "https://www.chess.com"]

[Event "Titled Tuesday Blitz April 25 Early 2023"]
[White "Mekhitarian, Krikor Sevag"]
[Black "Demchenko, Anton"]
[WhiteFideId "2107660"]
[BlackFideId "4160258"]
[WhiteElo "2604"]
[BlackElo "2545"]
[Result "1-0"]
[Round "09"]
[TimeControl "180+2"]
[Date "2023.04.25"]
[WhiteClock "0:00:03"]
[BlackClock "0:00:02"]

1. Nf3 Nf6 2. c4 d6 3. d4 Nc6 4. d5 Ne5 5. Nxe5 dxe5 6. Nc3 e6 7. e4 Bc5 8. Bd3 O-O 9. O-O c6 10. dxc6 bxc6 11. Qe2 Rb8 12. b3 Bd4 13. Bb2 Qc7 14. Qc2 a6 15. Ne2 Bxb2 16. Qxb2 Rd8 17. Qc3 c5 18. Rad1 Bb7 19. f3 Nd7 20. Bc2 Bc6 21. Rd2 f6 22. Rfd1 Re8 23. a3 Nf8 24. Rb1 a5 25. Rbd1 g5 26. Qe3 a4 27. bxa4 Qa5 28. Nc3 Rb2 29. Nb5 Qb6 30. Qc3 Ra2 31. Qb3 Rxc2 32. Qxc2 Ng6 33. Rd6 Qb7 34. Rd8 Rxd8 35. Rxd8+ Kg7 36. Qd2 f5 37. exf5 exf5 38. Qxg5 e4 39. fxe4 Bxe4 40. Qd2 Qa6 41. Rd7+ Kg8 42. Qd6 Qxd6 43. Nxd6 Ne5 44. Re7 1-0


[Site "https://www.chess.com"]

[Event "Titled Tuesday Blitz April 25 Early 2023"]
[White "Aradhya, Garg"]
[Black "Movahed, Sina"]
[WhiteFideId "25006746"]
[BlackFideId "42520835"]
[WhiteElo "2263"]
[BlackElo "2225"]
[Result "1-0"]
[Round "09"]
[TimeControl "180+2"]
[Date "2023.04.25"]
[WhiteClock "0:01:01"]
[BlackClock "0:01:47"]

1. d4 Nf6 2. c4 g6 3. Nf3 Bg7 4. g3 O-O 5. Bg2 d6 6. Nc3 Nbd7 7. O-O e5 8. h3 Re8 9. e4 exd4 10. Nxd4 Nc5 11. Re1 h6 12. b3 c6 13. Bb2 a5 14. Qc2 a4 15. Rad1 Qb6 16. Nxa4 Nxa4 17. bxa4 Qa6 18. Nb3 Be6 19. Rxd6 Qxc4 20. Qxc4 Bxc4 21. Bxf6 Bxf6 22. Rxf6 Rxa4 23. Nc5 Ra7 24. a4 Re5 25. Nd7 Re7 26. Nb6 Be6 27. Rf3 Ra6 28. Rb1 Kf8 29. Bf1 Ra5 30. Rd3 Ke8 31. Rbd1 Rc7 32. Rd8+ Ke7 33. Rb8 Rc5 34. Na8 Rd7 35. Rxd7+ Kxd7 36. Rxb7+ Kd6 37. Rb1 Ke5 38. Bg2 g5 39. Nb6 Rc2 40. Ra1 Rb2 41. a5 c5 42. a6 Rxb6 43. a7 1-0


[Site "https://www.chess.com"]

[Event "Titled Tuesday Blitz April 25 Early 2023"]
[White "Tari, Aryan"]
[Black "Pakleza, Zbigniew"]
[WhiteFideId "1510045"]
[BlackFideId "1119290"]
[WhiteElo "2561"]
[BlackElo "2410"]
[Result "0-1"]
[Round "09"]
[TimeControl "180+2"]
[Date "2023.04.25"]
[WhiteClock "0:00:02"]
[BlackClock "0:00:24"]

1. e4 d6 2. d4 Nf6 3. Nc3 c6 4. f4 Qb6 5. Nf3 Bg4 6. Be2 Bxf3 7. Bxf3 e5 8. Be3 Qxb2 9. Ne2 Qa3 10. c3 Nbd7 11. O-O Be7 12. Rb1 Nb6 13. dxe5 dxe5 14. fxe5 Nfd7 15. e6 fxe6 16. Bg4 Bc5 17. Nd4 e5 18. Rb3 Qxa2 19. Bxd7+ Nxd7 20. Qg4 O-O-O 21. Rf2 Qxb3 22. Nxb3 Bxe3 23. Kf1 Bxf2 24. Kxf2 b6 25. Qxg7 Kc7 26. Qh6 a5 27. Nd2 b5 28. Nf3 a4 29. Qe3 Ra8 30. c4 b4 31. c5 a3 32. Qd2 Nxc5 33. Qc2 Ra5 34. Nd2 a2 0-1


[Site "https://www.chess.com"]

[Event "Titled Tuesday Blitz April 25 Early 2023"]
[White "Quesada Perez, Yuniesky"]
[Black "Aaditya Dhingra"]
[WhiteFideId "3504409"]
[BlackFideId "25678191"]
[WhiteElo "2585"]
[BlackElo "2083"]
[Result "0-1"]
[Round "09"]
[TimeControl "180+2"]
[Date "2023.04.25"]
[WhiteClock "0:00:06"]
[BlackClock "0:00:13"]

1. e4 e5 2. Nf3 Nc6 3. Bb5 a6 4. Ba4 Nf6 5. O-O Be7 6. Re1 b5 7. Bb3 d6 8. c3 O-O 9. h3 Nb8 10. d4 Nbd7 11. c4 c6 12. Qc2 Bb7 13. Nc3 b4 14. Ne2 c5 15. d5 a5 16. Ng3 g6 17. Bh6 Re8 18. Qd2 a4 19. Bc2 Bf8 20. Bg5 Bg7 21. Bd3 Qe7 22. Rf1 Qf8 23. Nh2 h6 24. Be3 h5 25. Kh1 Kh7 26. Nf3 Kg8 27. Rae1 Nh7 28. Nh4 Bf6 29. Nhf5 gxf5 30. Nxf5 Bg7 31. f4 exf4 32. Bxf4 Ne5 33. Re3 Ra6 34. Rg3 Ng6 35. Nxg7 Qxg7 36. Bh6 Qe5 37. Qf2 Qe7 38. Rf3 Ne5 39. Qg3+ Ng6 40. Rf5 Bc8 41. Rxf7 Qxf7 42. Rxf7 Kxf7 43. e5 dxe5 44. Qf2+ Nf6 45. Qxc5 e4 46. Be2 Ne5 47. d6 Bd7 48. Qd4 Nd3 49. c5 Rc6 50. Bg5 Re6 51. h4 Rxc5 52. Bxd3 Rd5 53. Qa7 exd3 54. Bd2 Rdxd6 55. Qf2 Ke8 56. Qf4 Ng4 57. Qg5 Rf6 58. Qg8+ Rf8 0-1


[Site "https://www.chess.com"]

[Event "Titled Tuesday Blitz April 25 Early 2023"]
[White "Koellner, Ruben Gideon"]
[Black "Galchenko, Matvey"]
[WhiteFideId "12993093"]
[BlackFideId "24175480"]
[WhiteElo "2314"]
[BlackElo "2423"]
[Result "0-1"]
[Round "09"]
[TimeControl "180+2"]
[Date "2023.04.25"]
[WhiteClock "0:00:02"]
[BlackClock "0:00:06"]

1. d4 Nf6 2. Nf3 c5 3. e3 g6 4. Nbd2 cxd4 5. exd4 Bg7 6. c3 O-O 7. Bd3 d6 8. O-O Nc6 9. Re1 e5 10. dxe5 dxe5 11. Ne4 Qc7 12. Nxf6+ Bxf6 13. Bh6 Re8 14. Bc4 Be6 15. Bxe6 Rxe6 16. Qb3 Rae8 17. Ng5 Bxg5 18. Bxg5 Kg7 19. Rad1 f6 20. Be3 R6e7 21. Bc5 Rd7 22. Rxd7+ Qxd7 23. Rd1 Qc7 24. Qb5 a6 25. Qb3 h5 26. Bb6 Qf7 27. Qa3 h4 28. h3 e4 29. Qd6 Ne5 30. Bd4 Nd3 31. b3 Re6 32. Qb8 g5 33. Qc8 Re7 34. Rd2 Qe6 35. Qxe6 Rxe6 36. f3 Nf4 37. fxe4 Rxe4 38. Kf2 Kg6 39. Be3 Nh5 40. c4 Ng3 41. Bd4 Re6 42. Rd3 Rd6 43. Rd1 f5 0-1


[Site "https://www.chess.com"]

[Event "Titled Tuesday Blitz April 25 Early 2023"]
[White "Kleiman, Jake"]
[Black "Weetik, Vjacheslav"]
[WhiteFideId "2020041"]
[BlackFideId "4153472"]
[WhiteElo "2558"]
[BlackElo "2469"]
[Result "1-0"]
[Round "09"]
[TimeControl "180+2"]
[Date "2023.04.25"]
[WhiteClock "0:00:19"]
[BlackClock "0:00:01"]

1. e4 c6 2. Nc3 d5 3. Nf3 dxe4 4. Nxe4 Nf6 5. Qe2 Nxe4 6. Qxe4 Nd7 7. Bc4 Nf6 8. Ne5 e6 9. Qe2 b5 10. Bb3 Qc7 11. d4 Bd6 12. O-O O-O 13. Bf4 Bb7 14. Rad1 Rfe8 15. Rfe1 a6 16. c3 Rad8 17. Bg5 c5 18. Bc2 Nd5 19. dxc5 Bxc5 20. Qh5 g6 21. Qh4 Rc8 22. Ng4 h5 23. Rxd5 Bxd5 24. Nf6+ Kg7 25. Nxh5+ Kf8 26. Nf6 Kg7 27. Qh6# 1-0


[Site "https://www.chess.com"]

[Event "Titled Tuesday Blitz April 25 Early 2023"]
[White "Kollars, Dmitrij"]
[Black "djokovic74"]
[WhiteFideId "12909572"]
[WhiteElo "2584"]
[BlackElo "2628"]
[Result "1-0"]
[Round "09"]
[TimeControl "180+2"]
[Date "2023.04.25"]
[WhiteClock "0:00:57"]
[BlackClock "0:00:03"]

1. d4 e6 2. Nf3 Nf6 3. c4 Bb4+ 4. Nbd2 O-O 5. a3 Be7 6. e4 d6 7. Bd3 e5 8. O-O exd4 9. Nxd4 Nc6 10. Nxc6 bxc6 11. h3 a5 12. b3 Nd7 13. f4 Bf6 14. Ra2 Nc5 15. Bc2 Re8 16. Bb2 Bxb2 17. Rxb2 Qf6 18. Rb1 Qd4+ 19. Kh1 Bd7 20. Qe1 Qc3 21. Rc1 f5 22. e5 Qb2 23. Nf3 Nxb3 24. Bxb3 Qxb3 25. Rc3 Qb6 26. c5 dxc5 27. Qc1 Be6 28. Rxc5 Bd5 29. Nd4 Qa6 30. Nxf5 Qd3 31. Ne3 Be4 32. Rd1 Qa6 33. Qc4+ Qxc4 34. Rxc4 Bd5 35. Nxd5 cxd5 36. Rxd5 Re7 37. Ra4 Rb8 38. Rdxa5 Rb1+ 39. Kh2 h5 40. Kg3 Rd7 41. Rb4 Rg1 42. Rb2 Rf1 43. Rb3 Rd2 44. e6 Re1 45. Re5 Rxe5 46. Rb8+ Kh7 47. fxe5 Re2 48. e7 Rxe5 49. e8=Q Rxe8 50. Rxe8 1-0


[Site "https://www.chess.com"]